Map: Cyber Forest LE

Players

TYTY (TY)

  • Race: Terran Terran
  • Spawn Location: 5:00

Solar - Winner!

  • Race: Zerg Zerg
  • Spawn Location: 11:00

Event: IEM Season 13: Katowice (2019)

VOD

https://www.youtube.com/watch?v=jA6gWTMunew&list=PLhCH_nPE4JTpm5HGlNkIqJtnbUnBSfl4F&index=10

Description

Time

  • Played on: March 2, 2019, 8:49 a.m.
  • Length: 15:12

All games in this series

Show
View Real Time Build Order
Export as new Build Order

TYTY Terran 

Build Orders: Reaper Expand 

Get SALT Encoding   

  12  0:00  SCV  
  13  0:12  SCV  
  14  0:17  Supply Depot  
  14  0:24  SCV  
  15  0:38  SCV  
  15  0:40  Barracks  
  16  0:43  Refinery  
  16  0:50  SCV  
  17  1:03  SCV  
  18  1:15  SCV  
  19  1:27  Reaper  
  19  1:28  Orbital Command  
  20  1:39  Command Center  
  20  1:47  Supply Depot  
  20  1:53  SCV  
  21  1:59  Marine  
  22  2:06  SCV  
  23  2:08  Factory  
  23  2:16  Marine  
  23  2:18  SCV  
  25  2:30  SCV  
  25  2:35  Barracks  
  25  2:36  Barracks Reactor  
  26  2:42  SCV  
  27  2:52  Orbital Command  
  27  2:54  SCV  
  28  3:04  Command Center  
  28  3:07  SCV  
  29  3:15  Hellion x2  
  29  3:17  Barracks Tech Lab  
  29  3:19  SCV  
  34  3:22  SCV  
  34  3:24  Barracks Reactor  
  35  3:27  Refinery  
  35  3:31  SCV  
  35  3:34  SCV  
  37  3:37  Hellion  
  37  3:38  Hellion  
  41  3:43  SCV  
  41  3:47  Stimpack  
  42  3:50  Marine  
  42  3:52  SCV  
  44  3:55  SCV  
  44  4:02  Marine  
  46  4:05  Starport  
  46  4:07  Supply Depot  
  46  4:12  Factory Tech Lab  
  46  4:15  Marine x2, SCV x2  
  46  4:16  Supply Depot  
  46  4:17  Orbital Command  
  50  4:20  Marine  
  51  4:28  SCV  
  51  4:30  SCV  
  52  4:36  Marine x2, Refinery x2  
  54  4:40  SCV  
  54  4:41  Marine  
  54  4:43  SCV x2  
  58  4:45  Medivac  
  58  4:47  Medivac  
  58  4:49  Engineering Bay  
  58  4:52  Engineering Bay, SCV  
  63  4:53  Marine  
  63  4:55  SCV  
  66  5:03  Marine  
  66  5:04  Marine  
  66  5:05  Supply Depot, SCV  
  66  5:06  Supply Depot  
  69  5:09  Siege Tank  
  69  5:11  SCV  
  69  5:13  SCV  
  69  5:14  Marine  
  73  5:17  Terran Infantry Weapons Level 1  
  73  5:21  Marine  
  75  5:26  Terran Infantry Armor Level 1  
  75  5:27  SCV x2, Barracks  
  77  5:32  Marine x2  
  79  5:35  Starport Reactor  
  79  5:37  Supply Depot  
  79  5:43  Siege Tank  
  79  5:44  Marine  
  79  5:46  SCV x2  
  79  5:49  Orbital Command  
  85  5:50  Marine, Combat Shield  
  85  5:53  Marine  
  87  5:58  SCV  
  87  5:59  Supply Depot  
  87  6:00  Supply Depot  
  87  6:02  Marine, SCV  
  90  6:10  Marine, Liberator, SCV  
  90  6:11  Marine  
  89  6:12  Liberator  
  89  6:14  SCV  
  89  6:17  SCV  
  89  6:18  Siege Tank  
  95  6:20  Marine  
  95  6:22  Marine, SCV  
  95  6:23  Marine  
  101  6:26  SCV  
  101  6:28  Marine  
  101  6:29  SCV  
  108  6:34  SCV  
  108  6:35  Marine, Supply Depot  
  108  6:36  Supply Depot  
  108  6:38  Marine, SCV  
  112  6:46  Armory  
  113  6:48  Marine x3  
  113  6:53  Barracks  
  115  6:55  Barracks  
  115  6:56  Siege Tank  
  115  6:57  SCV  
  115  6:58  Refinery, SCV  
  120  7:02  Marine x2  
  120  7:05  SCV  
  120  7:06  Marine x2  
  125  7:10  Medivac  
  125  7:13  Medivac  
  129  7:17  Marine  
  129  7:20  Marine x2, SCV  
  133  7:23  SCV  
  133  7:24  SCV  
  130  7:32  SCV  
  130  7:35  SCV  
  116  7:40  Medivac  
  116  7:42  Marine x3  
  116  7:43  Medivac  
  120  7:45  Marine x2  
  120  7:47  Barracks Reactor  
  120  7:48  Barracks Reactor  
  119  7:53  Siege Tank  
  119  7:59  Marine x2, SCV x2  
  119  8:00  Marine  
  119  8:03  Marine x2  
  119  8:04  Refinery  
  119  8:05  Factory  
  126  8:06  Command Center  
  126  8:08  SCV  
  126  8:11  SCV  
  127  8:17  Marine x3  
  127  8:18  Drilling Claws  
  130  8:21  Marine x2, SCV x2  
  130  8:23  SCV  
  130  8:24  Terran Infantry Weapons Level 2  
  130  8:26  Marine x2  
  132  8:30  Widow Mine  
  133  8:36  Marine x3  
  133  8:39  Marine x3  
  133  8:40  Marine  
  132  8:44  Marine  
  132  8:45  Supply Depot  
  132  8:47  Supply Depot, Terran Infantry Armor Level 2  
  133  8:48  Missile Turret  
  133  8:50  Liberator  
  133  8:51  Liberator, Factory Reactor  
  133  9:07  Marine, Widow Mine, SCV x2  
  133  9:08  SCV  
  133  9:09  Marine x2, Marauder, Command Center  
  149  9:13  Terran Vehicle And Ship Armor Level 1  
  149  9:15  Marine  
  149  9:17  Marine x2  
  151  9:26  Marine x2  
  151  9:28  Widow Mine x2  
  155  9:33  Marine x4, Marauder  
  155  9:35  Marine  
  155  9:36  Marine  
  163  9:44  Barracks x2  
  163  9:46  Supply Depot  
  163  9:47  Supply Depot  
  163  9:49  Planetary Fortress  
  163  9:50  SCV  
  163  9:51  Liberator x2  
  164  9:56  SCV x2  
  164  10:08  Widow Mine x3, Marauder  
  177  10:14  Marine x3  
  177  10:20  Marine x2  
  170  10:29  Marauder  
  170  10:30  Marine x3  
  170  10:32  Widow Mine x2  
  170  10:34  Liberator x2  
  176  10:37  SCV x2  
  176  10:40  Starport  
  168  10:51  Marauder  
  172  11:01  SCV x2  
  172  11:02  Barracks Tech Lab  
  172  11:03  Barracks Tech Lab, Terran Infantry Armor Level 3  
  168  11:07  Marine x7  
  168  11:09  Widow Mine x2  
  168  11:10  Widow Mine  
  181  11:11  Refinery  
  181  11:12  Planetary Fortress, Marauder  
  181  11:17  Liberator x2  
  170  11:31  Marine x6, Marauder x2  
  170  11:32  Starport Reactor  
  174  11:33  Marauder  
  174  11:34  Widow Mine x3  
  174  11:36  SCV x3  
  174  11:38  Refinery  
  191  11:41  Missile Turret  
  191  11:47  Missile Turret, Sensor Tower  
  191  11:52  Marauder  
  191  11:53  SCV x3  
  191  11:54  Terran Vehicle And Ship Armor Level 2  
  188  12:03  Widow Mine x2  
  188  12:04  Starport  
  188  12:05  SCV x2  
  165  12:17  Concussive Shells  
  165  12:18  Medivac x4  
  165  12:19  SCV x2  
  175  12:26  Marauder  
  175  12:29  Command Center  
  177  12:32  Liberator, Command Center  
  175  12:43  Liberator  
  175  12:51  Sensor Tower  
  178  13:03  Marine  
  178  13:04  Marine  
  180  13:06  Marine  
  180  13:09  Marine x2  
  180  13:10  Command Center  
  180  13:15  Supply Depot  
  180  13:19  Liberator x2  
  180  13:21  Supply Depot x2  
  180  13:23  Liberator  
  180  13:34  Supply Depot  
  180  13:35  Supply Depot  
  180  13:36  Marine x2  
  180  13:40  Marine x2  
  180  13:41  Marine x3, Marauder x2  
  184  13:49  Liberator x2  
  184  13:51  SCV x3  
  184  13:52  Orbital Command  
  184  13:53  Sensor Tower  
  186  13:57  Sensor Tower  
  186  14:03  SCV  
  193  14:13  Missile Turret  
  193  14:16  Orbital Command  
  193  14:18  Missile Turret  
  193  14:23  Marine x6, Marauder x2  
  194  14:24  Marine x2  
  194  14:25  Marine  
  131  14:41  Marine x6  
  131  14:42  Marine x3  
  137  14:47  Marine x2  
Show
View Real Time Build Order
Export as new Build Order

Solar Zerg - Winner!

Build Orders: Hatch First 

Get SALT Encoding   

  12  0:01  Drone  
  13  0:12  Overlord  
  13  0:17  Drone  
  14  0:31  Drone x2  
  16  0:49  Hatchery  
  15  0:52  Drone  
  15  0:55  Drone  
  17  0:58  Drone  
  18  1:09  Extractor  
  17  1:14  Spawning Pool  
  17  1:17  Drone  
  17  1:20  Drone  
  18  1:29  Drone  
  19  1:40  Drone  
  20  2:00  Queen  
  22  2:01  Zergling x2  
  22  2:02  Zergling x2  
  22  2:05  Hatchery  
  22  2:07  Drone  
  24  2:15  Queen  
  24  2:21  Overlord  
  26  2:25  Drone  
  27  2:32  Metabolic Boost  
  27  2:34  Drone  
  28  2:40  Drone x2  
  30  2:46  Queen  
  30  2:50  Drone  
  33  2:53  Overlord  
  33  2:56  Drone  
  35  2:58  Drone  
  35  3:00  Drone  
  36  3:12  Drone x2  
  38  3:16  Drone x2  
  38  3:17  Queen  
  38  3:19  Drone  
  43  3:25  Queen  
  45  3:29  Drone x2  
  45  3:31  Drone x2  
  45  3:33  Drone  
  50  3:37  Overlord  
  50  3:46  Overlord  
  50  3:49  Baneling Nest  
  50  3:52  Drone  
  50  3:55  Overlord  
  50  3:57  Zergling x8  
  50  3:58  Drone x2  
  50  4:00  Drone  
  56  4:04  Queen  
  56  4:06  Drone  
  56  4:09  Drone  
  60  4:12  Drone  
  60  4:14  Drone  
  60  4:17  Overlord  
  62  4:19  Extractor x2  
  62  4:21  Drone  
  61  4:25  Zergling x2  
  61  4:27  Drone  
  63  4:32  Spore Crawler, Drone  
  63  4:33  Spore Crawler, Zergling x4  
  63  4:34  Lair  
  63  4:35  Drone x2  
  66  4:39  Drone x2  
  66  4:40  Drone  
  66  4:43  Drone x2, Overlord  
  73  4:47  Overlord  
  73  4:48  Drone  
  73  4:51  Overlord  
  74  4:54  Overlord  
  74  4:56  Evolution Chamber  
  74  4:58  Evolution Chamber  
  74  4:59  Drone  
  73  5:02  Drone  
  73  5:05  Drone  
  76  5:07  Drone, Extractor  
  75  5:14  Drone  
  75  5:15  Drone x3  
  75  5:16  Drone x2  
  75  5:17  Drone x2  
  75  5:20  Zergling x2  
  84  5:25  Zergling x8  
  88  5:29  Zerg Melee Weapons Level 1, Zerg Ground Armor Level 1  
  88  5:31  Baneling x8  
  88  5:36  Zergling x4  
  88  5:37  Zergling x2  
  91  5:45  Centrifical Hooks, Hatchery  
  91  5:48  Zergling x4  
  91  5:49  Zergling x2  
  93  5:51  Zergling x4  
  93  5:52  Zergling x2  
  93  5:54  Zergling x2  
  93  5:56  Overlord  
  97  6:00  Zergling x8  
  100  6:08  Zergling x6  
  100  6:14  Drone  
  100  6:16  Drone  
  100  6:18  Drone  
  103  6:22  Overseer  
  103  6:24  Drone x2  
  103  6:25  Drone x2  
  107  6:27  Overlord  
  107  6:29  Drone x5  
  107  6:30  Baneling x3  
  107  6:31  Baneling, Zergling x2  
  113  6:33  Overlord  
  113  6:35  Pneumatized Carapace, Hatchery  
  112  6:43  Zergling x2  
  112  6:44  Overlord  
  112  6:46  Overlord  
  113  6:49  Zergling x2  
  113  6:52  Drone x2  
  116  6:57  Zergling x4  
  116  6:58  Overlord  
  116  6:59  Zergling x14  
  125  7:03  Baneling x2  
  125  7:04  Zergling x6  
  125  7:05  Infestation Pit  
  125  7:08  Queen, Drone  
  128  7:13  Zergling x2  
  128  7:14  Drone  
  128  7:15  Drone  
  133  7:18  Drone  
  133  7:19  Infestation Pit  
  134  7:23  Zergling x2  
  132  7:31  Zergling x2  
  132  7:33  Zergling x2  
  132  7:35  Zergling x12  
  124  7:37  Zergling x4  
  124  7:38  Zergling x4  
  124  7:40  Zerg Ground Armor Level 2, Zerg Melee Weapons Level 2  
  124  7:42  Hive  
  126  7:44  Zergling x2  
  126  7:45  Hatchery, Zergling x6  
  126  7:47  Queen  
  126  7:49  Zergling x2  
  132  7:52  Spore Crawler  
  132  7:57  Zergling x2  
  132  7:58  Zergling x18  
  138  8:02  Zergling x4  
  138  8:05  Overlord  
  140  8:08  Drone  
  140  8:11  Spore Crawler  
  139  8:13  Drone  
  139  8:14  Zergling x4  
  139  8:17  Extractor  
  139  8:18  Zergling x4  
  139  8:20  Zergling x2  
  139  8:21  Zergling x2  
  139  8:26  Zergling x8  
  144  8:28  Baneling x4  
  144  8:29  Baneling x3  
  144  8:30  Zergling x4  
  146  8:37  Zergling x6  
  148  8:47  Drone x2  
  148  8:48  Overlord  
  150  8:49  Drone x6  
  150  8:53  Overlord  
  156  9:00  Hatchery  
  156  9:01  Adrenal Glands, Viper  
  156  9:02  Ultralisk Cavern  
  157  9:04  Zergling x2  
  157  9:05  Zergling x6  
  157  9:06  Spire  
  157  9:07  Baneling x6  
  160  9:10  Zergling x6  
  160  9:13  Overlord  
  163  9:18  Zergling x12  
  163  9:20  Zergling x2  
  163  9:21  Zergling x6  
  163  9:24  Zergling x6  
  173  9:26  Overlord  
  173  9:30  Overlord  
  171  9:31  Zergling x8  
  171  9:37  Drone  
  172  9:43  Drone x2  
  172  9:44  Drone  
  174  9:48  Chitinous Plating  
  174  9:50  Ultralisk x2  
  174  9:52  Zergling x6  
  189  9:56  Zergling x8  
  189  9:59  Baneling x6, Extractor  
  188  10:00  Baneling  
  188  10:02  Zergling x8  
  188  10:04  Overseer  
  191  10:09  Overseer  
  191  10:11  Baneling x2, Zergling x2  
  191  10:12  Zergling x12  
  191  10:27  Drone x2  
  187  10:31  Drone  
  187  10:32  Ultralisk  
  187  10:34  Drone x2  
  192  10:35  Zergling x4  
  192  10:36  Zergling x14  
  198  10:52  Overlord x2, Zerg Flyer Weapons Level 1  
  198  10:54  Overlord  
  198  10:55  Overlord  
  192  11:01  Baneling  
  192  11:02  Baneling x9, Overseer x3  
  186  11:04  Zergling x4  
  187  11:11  Zergling x6  
  187  11:12  Zergling x18  
  187  11:13  Anabolic Synthesis  
  187  11:16  Spore Crawler  
  196  11:27  Drone x2  
  196  11:30  Zergling x2  
  199  11:36  Baneling x3  
  199  11:37  Baneling x3  
  199  11:38  Baneling x7  
  199  11:47  Baneling x5  
  199  11:52  Zergling x4  
  199  11:53  Zergling x10  
  197  11:56  Zergling x8  
  196  12:04  Zergling x2  
  196  12:05  Zergling x16  
  196  12:06  Zergling x2  
  196  12:07  Zergling x10  
  180  12:15  Ultralisk, Zergling x2  
  180  12:16  Zergling x2  
  180  12:17  Zergling x14  
  186  12:23  Zergling x4  
  186  12:28  Corruptor  
  186  12:29  Corruptor x4  
  198  12:31  Baneling x3  
  198  12:32  Zergling x2  
  198  12:35  Extractor  
  198  12:37  Spore Crawler, Extractor, Hatchery  
  198  12:40  Zergling x10  
  199  12:57  Baneling  
  198  13:02  Hatchery  
  198  13:03  Zergling x2  
  186  13:08  Corruptor x6  
  186  13:10  Zergling x2  
  186  13:11  Zergling x16  
  194  13:47  Ultralisk, Zergling x2  
  194  13:48  Zergling x32  
  194  13:52  Baneling x6, Corruptor  
  194  13:53  Baneling x4, Corruptor x2  
  194  13:54  Zergling x2  
  194  13:55  Baneling x3  
  200  13:56  Baneling x3  
  200  13:57  Baneling x2  
  200  13:58  Baneling  
  180  14:28  Ultralisk, Zergling x4  
  180  14:31  Zergling x28  
  163  14:35  Zergling x8  
  163  14:37  Zergling x2  
  163  14:38  Zergling x22  
  174  14:45  Zergling x4  
  182  14:52  Zergling x6  

Tags
 
Add a new tag
Caveats
  • Supply blocks, unpowered buildings, or Contaminate may cause inaccurate times.
  • Supply counts are checked every 10 seconds.